 Dungeon Crawl Stone Soup version 0.32-a0-306-gfed3edf829 (webtiles) character file.

Game seed: 18412566901793959216

403 n00bmints the Cudgeller (level 6, -5/84 HPs)
             Began as a Minotaur Berserker on Feb 15, 2024.
             Was a Believer of Trog.
             Slain by Duvessa
             ... wielding a +4 rapier of electrocution
              (16 damage)
             ... on level 5 of the Dungeon.
             The game lasted 00:25:55 (4761 turns).

n00bmints the Cudgeller (Minotaur Berserker)        Turns: 4761, Time: 00:25:56

Health: -5/84      AC: 14    Str: 29    XL:     6   Next: 55%
Magic:  5/5        EV:  8    Int:  4    God:    Trog [**....]
Gold:   271        SH:  0    Dex: 10    Spells: 5/5 levels left

rFire   . . .        a - +1 mace
rCold   . . .        (no shield)
rNeg    . . .        o - +0 plate armour
rPois   .            (helmet restricted)
rElec   .            (no cloak)
rCorr   .            n - +1 pair of gloves
SInv    .            (no boots)
Will    .....        (no amulet) Stlth
                     g - +6 ring of strength
HPRegen 0.34/turn    (no ring)
MPRegen 0.09/turn

%: no passive effects
@: berserking, very quick
A: horns 2, retaliatory headbutt
a: Renounce Religion, Berserk, Trog's Hand


You were on level 5 of the Dungeon.
You worshipped Trog.
Trog was pleased with you.
You visited 1 branch of the dungeon, and saw 5 of its levels.

You collected 271 gold pieces.

Inventory:

Hand Weapons
 a - a +1 mace (weapon)
 k - a +2 vampiric hand axe
Armour
 b - a +0 animal skin
 f - a +0 leather armour
 i - a +0 ring mail
 n - a +1 pair of gloves (worn)
 o - a +0 plate armour (worn)
Jewellery
 g - a +6 ring of strength (left hand)
Talismans
 h - a beast talisman
 q - a flux talisman
Scrolls
 j - 4 scrolls of amnesia
 m - a scroll of vulnerability
 p - a scroll of identify
 s - a scroll of revelation {unknown}
 t - a scroll of blinking {unknown}
Potions
 e - a potion of ambrosia {unknown}
 r - a potion of resistance {unknown}


   Skills:
 * Level 5.3 Fighting
 * Level 1.6(4.3) Axes
 * Level 6.2(6.4) Maces & Flails
 * Level 4.2 Armour
 * Level 3.2 Dodging
 + Level 0.3 Stealth


You had 5 spell levels left.
You didn't know any spells.
Your spell library was empty.

Dungeon Overview and Level Annotations

Branches:
Dungeon (5/15)
 Temple: D:4-7

Altars:
Yredelemnul

Annotations:
D:5 Duvessa


Innate Abilities, Weirdness & Mutations

You have a pair of horns on your head.
You reflexively headbutt those who attack you in melee.


Message History

Duvessa hits you but does no damage. Dowan hits you but does no damage.
Duvessa hits you with a +4 rapier of electrocution!
* * * LOW HITPOINT WARNING * * *
As you read the scroll of fog, it dissolves into smoke.
Dowan completely misses you. You furiously retaliate!
You headbutt Dowan! Duvessa hits you but does no damage.
Duvessa hits you with a +4 rapier of electrocution.
* * * LOW HITPOINT WARNING * * *
You feel better. Dowan hits you but does no damage.
Duvessa gestures with her weapon.
Duvessa hits you with a +4 rapier of electrocution.
* * * LOW HITPOINT WARNING * * *
It was a potion of heal wounds.
You feel much better. Dowan casts a spell at you. The puff of frost hits you.
Duvessa hits you with a +4 rapier of electrocution!
You feel much better. Dowan closely misses you.
Duvessa hits you with a +4 rapier of electrocution.
You are electrocuted!
You sock Dowan!
You kill Dowan!
Trog accepts your kill.
Trog appreciates your killing of a magic user.
Duvessa screams in rage.
Duvessa goes berserk!
Duvessa hits you with a +4 rapier of electrocution!
You are electrocuted!
* * * LOW HITPOINT WARNING * * *
You feel much better.
Duvessa hits you with a +4 rapier of electrocution!
* * * LOW HITPOINT WARNING * * *
Duvessa hits you with a +4 rapier of electrocution.
* * * LOW HITPOINT WARNING * * *
A red film seems to cover your vision as you go berserk!
You feel yourself moving faster!
You feel mighty!
Duvessa hits you with a +4 rapier of electrocution!
* * * LOW HITPOINT WARNING * * *
You feel a strong urge to attack something.
Duvessa hits you with a +4 rapier of electrocution!
You die...

####### #.#.##.#
#......# ###.####
### #.# # ..# #.#
#.#
#.##########.# ..
#§#§§........#
#.##e#§##########
#.§§@§§# ####§###
.§§# #####


You could see Duvessa (berserk).

Vanquished Creatures
  A phantom (D:4)
  A bullfrog (D:5)
  Dowan (D:5)
  A bombardier beetle (D:4)
  A sleepcap (D:3)
  A gnoll (D:2)
  An adder (D:3)
  2 dart slugs (D:2)
  A ribbon worm (D:4)
  8 orcs
  3 bats (D:2)
  9 endoplasms
  4 giant cockroaches
  2 goblins
  10 hobgoblins
  2 jackals (D:4)
  3 quokkas
  4 ball pythons
  4 frilled lizards
  5 kobolds
  4 rats
68 creatures vanquished.

Notes
Turn   | Place    | Note
-------+----------+-------------------------------------------
     0 | D:1      | n00bmints the Minotaur Berserker began the quest for the
                  | Orb.
     0 | D:1      | Reached XP level 1. HP: 19/19 MP: 0/0
   164 | D:1      | Reached skill level 4 in Maces & Flails
   164 | D:1      | Reached XP level 2. HP: 27/27 MP: 1/1
   708 | D:1      | Found a faded altar of an unknown god.
   827 | D:1      | Reached XP level 3. HP: 28/33 MP: 2/2
  1479 | D:2      | Reached XP level 4. HP: 38/41 MP: 3/3
  1961 | D:3      | Reached skill level 5 in Maces & Flails
  2355 | D:3      | Reached ** piety under Trog
  2362 | D:3      | Found a basalt altar of Yredelemnul.
  3197 | D:3      | Reached XP level 5. HP: 31/47 MP: 4/4
  3912 | D:4      | Reached skill level 5 in Fighting
  4618 | D:4      | Noticed a phantom
  4626 | D:4      | Killed a phantom
  4627 | D:4      | Reached skill level 1 in Axes
  4627 | D:4      | Reached XP level 6. HP: 56/56 MP: 5/5
  4680 | D:5      | Entered Level 5 of the Dungeon
  4688 | D:5      | Reached skill level 6 in Maces & Flails
  4742 | D:5      | Noticed Dowan
  4743 | D:5      | Noticed Duvessa
  4758 | D:5      | Killed Dowan
  4761 | D:5      | Slain by Duvessa

Illustrated notes

Levels and vault maps discovered:
D:1:      minmay_arrival_stair_chambers, layout_loops_cross,
          shapermc_ecumenical_altar_hornbeckon, minmay_misc_feat_more_columns,
          nicolae_figureground_pulse
D:2:      layout_loops_ring, minmay_pentomino_s4
D:3:      mumra_celtic_spiral_tile, layout_basic, mainiacjoe_overflow_paths
D:4:      layout_cave_pods, hangedman_decor_clover_reticule, nrook_mini_vaults,
          grunt_ministairs_9
D:5:      layout_loops_cross, nemelex_dance_club_becter,
          mainiacjoe_overflow_swirl, serial_shops, nicolae_shop_waterfront,
          chequers_garden, minmay_misc_feat_plants, uniq_eustachio, uniq_ijyb,
          uniq_duvessa, uniq_pikel

Skill      XL: |  1  2  3  4  5  6 |
---------------+-------------------+-----
Maces & Flails | 4 5 6 |  6.2
Fighting       | 4 5 |  5.3
Armour         | 3 4 |  4.2
Axes           | 1 |  1.6
Dodging        | 3 |  3.2
Stealth        | |  0.3

Action                     |  1- 3 |  4- 6 || total
---------------------------+-------+-------++-------
  Melee: Mace              |    69 |    77 ||   146
         Headbutt          |    13 |    10 ||    23
 Invoke: Berserk           |       |     1 ||     1
    Use: Scroll            |     3 |     3 ||     6
         Potion            |     1 |     4 ||     5
 Armour: Animal skin       |    17 |       ||    17
         Leather armour    |    12 |    11 ||    23
         Ring mail         |       |    26 ||    26
         Plate armour      |       |    35 ||    35
  Dodge: Dodged            |    48 |    44 ||    92

Table legend: (Time is in decaauts)
 A = Elapsed time spent in this place.
 B = Non-inter-level travel time spent in this place.
 C = Inter-level travel time spent in this place.
 D = Time resting spent in this place.
 E = Time spent auto-exploring this place.
 F = Levels seen in this place.
 G = Mean time per level.
                   A        B        C        D        E       F      G
               +--------+--------+--------+--------+--------+-----+--------+
         Total |   4789 |   4473 |    316 |      0 |    965 |   5 |  957.8 |
       Dungeon |   4789 |   4473 |    316 |      0 |    965 |   5 |  957.8 |
               +--------+--------+--------+--------+--------+-----+--------+

Top non-repeatable levels by time:
     D:3: 1667 daAuts
     D:1: 1110 daAuts
     D:4: 1034 daAuts
     D:2: 896 daAuts
     D:5: 81 daAuts
